 Dungeon Crawl Stone Soup version 0.30-a0-728-gc68057be0a (webtiles) character file.

Game seed: 6535712384795077780

524 hikkokomori the Sneak (level 7, -10/81 HPs)
             Began as a Merfolk Wanderer on Jan 30, 2023.
             Mangled by Crazy Yiuf
             ... wielding a +4 quarterstaff of chaos
              (13 damage)
             ... on level 2 of the Dungeon.
             The game lasted 00:08:01 (4410 turns).

hikkokomori the Sneak (Merfolk Wanderer)            Turns: 4410, Time: 00:08:02

Health: -10/81     AC: 23    Str: 10    XL:     7   Next: 22%
Magic:  10/12      EV:  2    Int: 11    God:
Gold:   188        SH:  5    Dex: 18    Spells: 9/12 levels left

rFire   . . .      SeeInvis .    l - +0 morningstar
rCold   . . .      Faith    .    (no shield)
rNeg    . . .      Spirit   .    (body armour currently unavailable)
rPois   +          Reflect  +    (helmet currently unavailable)
rElec   .          Harm     .    (cloak currently unavailable)
rCorr   .          Rampage  .    (gloves currently unavailable)
Will    .....      NoTele   +    (boots currently unavailable)
Stlth   +++                      j - amulet of reflection
HPRegen 0.33/turn                (no ring)
MPRegen 0.13/turn                (no ring)

@: brilliant, lethally poisoned (-10 -> -17), tree-form, hasted, very quick
A: stationary, stasis, torment immunity, boosted hp, (nimble swimmer 2),
(mertail)
a: no special abilities


You were on level 2 of the Dungeon.
You were a tree.
You visited 1 branch of the dungeon, and saw 4 of its levels.

You collected 188 gold pieces.

Inventory:

Hand Weapons
 a - a +0 heavy dagger
 l - a +0 morningstar (weapon)
 p - a +0 short sword
Armour
 b - a +0 pair of gloves (melded)
 d - a +0 robe (melded)
 s - a +2 pair of boots (melded)
 v - the +1 scale mail "Ceobohe" {*Slow Fly rN+++ Will-}
   (You found it on level 3 of the Dungeon)

   rN:        It renders you almost immune to negative energy.
   Fly:       It grants you flight.
   *Slow:     It may slow you when you take damage.
   Will:      It decreases your willpower.
 x - a +0 helmet (melded)
Jewellery
 j - an amulet of reflection (around neck)
Wands
 u - a wand of acid (7)
 w - a wand of roots (8)
Scrolls
 e - a scroll of silence
 f - a scroll of vulnerability {unknown}
 g - a scroll of blinking {unknown}
 i - a scroll of noise {unknown}
 k - a scroll of poison
 n - 4 scrolls of identify {unknown}
 q - a scroll of magic mapping
 r - a scroll of enchant weapon {unknown}
 y - a scroll of teleportation {unknown}
 z - a scroll of brand weapon
Potions
 c - 4 potions of attraction
 h - a potion of ambrosia {unknown}
 o - a potion of might


   Skills:
 + Level 4.0 Fighting
 - Level 2.6 Dodging
 + Level 4.0 Stealth
 - Level 2.1 Unarmed Combat
 - Level 3.3 Spellcasting
 + Level 2.5 Transmutations
 + Level 3.9 Earth Magic


You had 9 spell levels left.
You knew the following spells:

 Your Spells              Type           Power      Damage    Failure   Level
a - Sandblast             Erth           30%        2d9       4%          1
b - Passwall              Tmut/Erth      10%        N/A       10%         2

Your spell library contained the following spells:

 Spells                   Type           Power      Damage    Failure   Level
 Petrify                  Tmut/Erth      13%        N/A       54%         4


Dungeon Overview and Level Annotations

Branches:
Dungeon (4/15)
 Temple: D:4-7

Altars:
Cheibriados
Hepliaklqana

Annotations:
D:2 Crazy Yiuf
D:4 3 runed translucent doors, drugrobin's ghost, amateur DgDe


Innate Abilities, Weirdness & Mutations

You are a tree.
Your roots penetrate the ground, keeping you stationary.
You cannot be teleported.
You are immune to unholy pain and torment.
Your maximum health is greatly increased.
Your equipment is partially melded.
((You are very nimble when in or above water. (Stealth+, EV+, Speed+++)))
((Your lower body shifts to a powerful aquatic tail in water.))


Message History

The blast of sand hits Crazy Yiuf.
Crazy Yiuf is heavily wounded.
Crazy Yiuf yells, "Lay song bag!"
Crazy Yiuf hits you with a +4 quarterstaff of chaos!
Crazy Yiuf draws strength from your wounds!
Crazy Yiuf hits you with a +4 quarterstaff of chaos!!
* * * LOW HITPOINT WARNING * * *
Casting: Sandblast (safe; 4% risk of failure)
Confirm with . or Enter, or press ? or * to list all spells.
Aiming: Sandblast (safe; 4% risk of failure)
Press: ? - help, Shift-Dir - straight line, f/p - Crazy Yiuf
Aim: Crazy Yiuf, wielding a +4 quarterstaff of chaos and wearing a +0 cloak (strong, 84% to hit)
Okay, then.
As you read the scroll labelled ARHUTY CELUA, it crumbles to dust.
You feel aware of your surroundings.
It was a scroll of magic mapping.
Crazy Yiuf hits you with a +4 quarterstaff of chaos.
* * * LOW HITPOINT WARNING * * *
You feel yourself speed up.
The air fills with toxic fumes!
As you read the scroll labelled NAUFATU PICIODE, it crumbles to dust.
It was a scroll of poison.
Really walk into that cloud of poison gas?
You are engulfed in poison gas.
You are lethally poisoned!
* * * LOW HITPOINT WARNING * * *
x2 You feel very sick.
Okay, then.
It was a potion of lignification.
You turn into a tree.
Your +0 helmet melds into your body.
Your +0 pair of gloves melds into your body.
Your +2 pair of boots melds into your body.
Your +0 robe melds into your body.
Your roots penetrate the ground.
* * * LOW HITPOINT WARNING * * *
You feel sick.
It was a potion of brilliance.
You feel clever all of a sudden.
* * * LOW HITPOINT WARNING * * *
You feel sick.
Crazy Yiuf hits you with a +4 quarterstaff of chaos!
You die...

###########
###. ## ##### #
#§§.# # #§§.# #
*§§.* # *#'#* #
#g## # ##♣#
#### #§## #...
##§# #.## ##.##
####.# ##...#
##....# #....#
####..####
##..## ##....##
#....####..####
#....)....##


You could see Crazy Yiuf (strong).

Vanquished Creatures
  A black bear (D:3)
  A necrophage (D:4)
  3 hounds
  An orc priest (D:4)
  An iguana (D:3)
  An orc wizard (D:4)
  A mummy (D:3)
  Robin (D:3)
  6 adders
  3 worms (D:2)
  4 dart slugs
  11 orcs
  8 bats
  4 endoplasms
  3 giant cockroaches
  11 goblins
  12 hobgoblins
  8 jackals
  8 kobolds
  4 quokkas
  9 ball pythons
  3 frilled lizards
  A rat (D:1)
105 creatures vanquished.

Notes
Turn   | Place    | Note
-------+----------+-------------------------------------------
     0 | D:1      | hikkokomori the Merfolk Wanderer began the quest for the
                  | Orb.
     0 | D:1      | hikkokomori set off with the following items: a +0 dagger,
                  | a +0 pair of gloves, a potion of attraction, a +0 robe, a
                  | scroll of silence; and the following spell memorised:
                  | Sandblast; and the following spells available to memorise:
                  | Passwall, Petrify.
     0 | D:1      | Reached XP level 1. HP: 15/15 MP: 3/3
    90 | D:1      | Reached XP level 2. HP: 16/21 MP: 1/5
   244 | D:1      | Reached skill level 1 in Stealth
   469 | D:1      | Reached XP level 3. HP: 17/27 MP: 0/6
   950 | D:1      | Found a faded altar of an unknown god.
  1237 | D:2      | Reached XP level 4. HP: 33/33 MP: 0/7
  1851 | D:2      | You fall into a shaft and drop 2 floors!
  1871 | D:4      | Noticed a necrophage
  1891 | D:4      | Killed a necrophage
  1892 | D:4      | Reached XP level 5. HP: 19/39 MP: 0/9
  2187 | D:4      | Found a runed translucent gate.
  2187 | D:4      | Found a runed translucent gate.
  2187 | D:4      | Found a runed translucent gate.
  2188 | D:4      | Noticed drugrobin's ghost (amateur DgDe)
  2189 | D:4      | Noticed a kobold brigand
  2591 | D:4      | Reached XP level 6. HP: 44/47 MP: 9/11
  2877 | D:4      | Learned a level 2 spell: Passwall
  3130 | D:3      | Reached skill level 1 in Transmutations
  3137 | D:3      | Identified the +1 scale mail "Ceobohe" {*Slow Fly rN+++
                  | Will-}
  3279 | D:3      | Noticed a black bear
  3293 | D:3      | Killed a black bear
  3406 | D:3      | Noticed Sigmund
  3421 | D:3      | Sigmund changed into Sigmund the iguana
  3421 | D:3      | Noticed Sigmund
  3433 | D:3      | Killed Sigmund the iguana
  3434 | D:3      | Reached XP level 7. HP: 21/53 MP: 7/12
  3554 | D:3      | Noticed Robin
  3622 | D:3      | Killed Robin
  3986 | D:3      | Found a hazy altar of Hepliaklqana.
  4167 | D:3      | Found a snail-covered altar of Cheibriados.
  4397 | D:2      | Found a runed translucent door.
  4398 | D:2      | Noticed Crazy Yiuf
  4409 | D:2      | HP: 4/81 [poisoned by you (poison gas)]
  4410 | D:2      | Mangled by Crazy Yiuf

Illustrated notes

Levels and vault maps discovered:
D:1:      minmay_arrival_five_plusses, layout_rooms,
          dreamdust_ecumenical_altar_hidden_monk_grotto
D:2:      layout_basic, uniq_crazy_yiuf_cottage
D:3:      layout_loops_cross, slow_altar_2, lemuel_coloured_pillars_altar,
          uniq_sigmund, uniq_robin
D:4:      layout_basic, gammafunk_ghost_nasty_kobolds, solitary_fountain,
          hangedman_decor_clover_reticule

Skill      XL: |  1  2  3  4  5  6  7 |
---------------+----------------------+-----
Stealth        | 1 2 3 4 |  4.0
Fighting       | 2 3 4 |  4.0
Earth Magic    | 3 |  3.9
Spellcasting   | 3 |  3.3
Transmutations | 2 |  2.5
Dodging        | |  2.6
Unarmed Combat | |  2.1

Action                     |  1- 3 |  4- 6 |  7- 9 || total
---------------------------+-------+-------+-------++-------
  Melee: Dagger            |    57 |    18 |       ||    75
         Morningstar       |       |    29 |     7 ||    36
         Punch             |       |     1 |       ||     1
   Cast: Sandblast         |    69 |    97 |    44 ||   210
  Evoke: Wand              |       |     3 |       ||     3
    Use: Scroll            |       |     1 |     2 ||     3
         Potion            |       |     1 |     2 ||     3
   Stab: Sleeping          |       |     2 |       ||     2
 Armour: Robe              |    37 |    35 |    15 ||    87
  Dodge: Dodged            |    94 |    76 |    26 ||   196
  Block: Other             |     4 |    39 |     5 ||    48

Table legend: (Time is in decaauts)
 A = Elapsed time spent in this place.
 B = Non-inter-level travel time spent in this place.
 C = Inter-level travel time spent in this place.
 D = Time resting spent in this place.
 E = Time spent auto-exploring this place.
 F = Levels seen in this place.
 G = Mean time per level.
                   A        B        C        D        E       F      G
               +--------+--------+--------+--------+--------+-----+--------+
         Total |   4535 |   4396 |    139 |    164 |   3385 |   4 | 1133.8 |
       Dungeon |   4535 |   4396 |    139 |    164 |   3385 |   4 | 1133.8 |
               +--------+--------+--------+--------+--------+-----+--------+

Top non-repeatable levels by time:
     D:3: 1229 daAuts
     D:4: 1206 daAuts
     D:2: 1054 daAuts
     D:1: 1044 daAuts
